 Dungeon Crawl Stone Soup version 0.27-a0-380-g150de4c316 (webtiles) character file.

Game seed: 16839513631302841338

2976 wakim the Destroyer (level 9, 0/48 HPs)
             Began as a Deep Elf Conjurer on Feb 17, 2021.
             Was a Priest of Vehumet.
             Shot with an arrow by a centaur (3 damage)
             ... on level 8 of the Dungeon.
             The game lasted 00:29:50 (8119 turns).

wakim the Destroyer (Deep Elf Conjurer)             Turns: 8119, Time: 00:29:51

Health: 0/48       AC:  4    Str:  7    XL:     9   Next: 53%
Magic:  20/24      EV: 15    Int: 24    God:    Vehumet [***...]
Gold:   140        SH:  0    Dex: 13    Spells: 14/26 levels left

rFire    + . .     SeeInvis +   a - +2 trident (vamp)
rCold    . . .     Faith    .   (no shield)
rNeg     . . .     Spirit   .   m - +1 robe "Cud Hat" {rElec rF+ Str-3}
rPois    +         Reflect  .   (no helmet)
rElec    +         Harm     .   b - scarf {shadows}
rCorr    .         Rampage  .   y - +0 pair of gloves {Str+3}
Will     .....                  (no boots)
Stlth    ++........             (no amulet)
HPRegen  0.16/turn              f - ring of see invisible
MPRegen  0.19/turn              s - ring of poison resistance

@: no status effects
A: no striking features
a: Renounce Religion


You were on level 8 of the Dungeon.
You worshipped Vehumet.
Vehumet was most pleased with you.
You visited 2 branches of the dungeon, and saw 9 of its levels.

You collected 516 gold pieces.
You spent 376 gold pieces at shops.

Inventory:

Hand Weapons
 a - a +2 vampiric trident (weapon)
 k - a +1 dagger of freezing
Armour
 b - a scarf of shadows (worn)
 m - the +1 robe "Cud Hat" (worn) {rElec rF+ Str-3}
   (You bought it in a shop on level 5 of the Dungeon)

   It affects your strength (-3).
   It protects you from fire.
   It insulates you from electricity.
 o - a +1 robe
 y - a +0 pair of gloves of strength (worn)
Jewellery
 c - a +4 ring of protection
 f - a ring of see invisible (left hand)
 g - an amulet of guardian spirit
 l - a ring of protection from cold
 s - a ring of poison resistance (right hand)
Wands
 r - a wand of digging (5)
 B - a wand of charming (4)
Scrolls
 e - 2 scrolls of identify
 h - 4 scrolls of teleportation
 j - a scroll of enchant armour
 n - 2 scrolls of enchant weapon
 u - a scroll of blinking
 w - 2 scrolls of amnesia
Potions
 d - 2 potions of curing
 i - a potion of brilliance {unknown}
 p - 2 potions of flight {unknown}
 q - a potion of heal wounds {unknown}
 t - 2 potions of haste
 v - a potion of ambrosia {unknown}
 x - a potion of berserk rage {unknown}
 z - a potion of might {unknown}
 A - 2 potions of invisibility


   Skills:
 + Level 1.6 Fighting
 + Level 7.0 Dodging
 - Level 2.4 Stealth
 * Level 9.2 Spellcasting
 * Level 9.7 Conjurations
 - Level 5.0 Hexes
 - Level 3.0 Translocations
 - Level 3.0 Fire Magic


You had 14 spell levels left.
You knew the following spells:

 Your Spells              Type           Power        Failure   Level
a - Magic Dart            Conj           100%         1%          1
b - Searing Ray           Conj           100%         1%          2
c - Fulminant Prism       Conj/Hex       23%          1%          4
d - Iskenderun's Mystic   Conj/Tloc      41%          1%          4
e - Foxfire               Conj/Fire      100%         1%          1

Your spell library contained the following spells:

 Spells                   Type           Power        Failure   Level
 Inner Flame              Hex/Fire       30%          1%          3
 Dazzling Flash           Conj/Hex       92%          1%          3


Dungeon Overview and Level Annotations

Branches:
Dungeon (8/15)             Temple (1/1) D:4
   Lair: D:8-11

Altars:
Ashenzari
Cheibriados
Dithmenos
Elyvilon
Fedhas
Gozag
Hepliaklqana
Makhleb
Nemelex Xobeh
Okawaru
Qazlal
Ru
Sif Muna
Trog
Uskayaw
Vehumet
Wu Jian
Xom
Yredelemnul
Zin
The Shining One

Shops:
D:5 [   D:6 [


Message History

You kill the orc!
Vehumet accepts your kill.
There is an open door, spattered with blood here.
Items here: ( ) ††.
Items here: ))) [ ††.
HP restored.
Magic restored.
You hear the brisk hiss of a very distant avalanche of sand.
You open the door.
There is an open door here.
You open the door.
A centaur comes into view.
There is an open door here.
Casting: Searing Ray (safe; 1% risk of failure)
Confirm with . or Enter, or press ? or * to list all spells.
You can't see any susceptible monsters within range! (Use Z to cast anyway.) Unknown command.
Casting: Searing Ray (safe; 1% risk of failure)
Confirm with . or Enter, or press ? or * to list all spells.
Aiming: Searing Ray (safe; 1% risk of failure)
Press: ? - help, Shift-Dir - straight line, f - centaur
Aim: a centaur, quivering arrows (asleep, 0% to evade)
The searing ray hits the centaur!
The centaur is moderately wounded.
The centaur shouts! (Press . to maintain the ray.)
The centaur wields a +2 shortbow of freezing.
It is covered in frost.
The centaur shoots an arrow.
The arrow hits you! The arrow freezes you.
The searing ray hits the centaur!
The centaur is severely wounded.
The centaur shoots an arrow.
The arrow hits you! The arrow freezes you!
* * * LOW HITPOINT WARNING * * *
The centaur shoots an arrow.
The arrow hits you!
* * * LOW HITPOINT WARNING * * *
The arrow freezes you.
* * * LOW HITPOINT WARNING * * *
The searing ray misses the centaur.
The centaur shoots an arrow.
The arrow hits you.
You die...

#.....# ##....#
##....####..........
#........#..........
#........#...c......
#........#..........
#........#..........
#........#.......... #
####.....#...@......
#######.....####'###...
#....))......#.....#
'....#.......#.....+
#....#.......'.....#
#################### #


You could see a centaur.

Vanquished Creatures
  Maurice (D:8)
  Prince Ribbit (D:6)
  A troll (D:7)
  Edmund (D:4)
  2 orc warriors (D:7)
  An ice beast (D:6)
  4 ogres
  2 centaurs
  4 bullfrogs
  A water moccasin zombie (D:6)
  A scorpion (D:5)
  4 killer bees (D:7)
  2 wights (D:8)
  A bullfrog skeleton (D:5)
  A jelly (D:5)
  An orc priest (D:6)
  3 hounds
  An iguana (D:4)
  Natasha (thrice) (D:4)
  4 worker ants
  5 orc wizards
  A hound skeleton (D:6)
  A worker ant zombie (D:5)
  12 adders
  An ufetubus (D:5)
  An adder skeleton (D:5)
  An adder zombie (D:5)
  A worm (D:6)
  A dart slug (D:1)
  4 leopard geckos
  29 orcs
  9 giant cockroaches
  7 goblins
  3 hobgoblins
  10 jackals
  4 quokkas
  A ball python (D:4)
  5 bats
  7 frilled lizards
  A jackal skeleton (D:5)
  7 kobolds
  A quokka skeleton (D:6)
  4 rats
155 creatures vanquished.

Vanquished Creatures (others)
  11 fulminant prisms
11 creatures vanquished.

Grand Total: 166 creatures vanquished

Notes
Turn   | Place    | Note
-------+----------+-------------------------------------------
     0 | D:1      | wakim the Deep Elf Conjurer began the quest for the Orb.
     0 | D:1      | Reached XP level 1. HP: 10/10 MP: 6/6
   260 | D:1      | Reached XP level 2. HP: 13/15 MP: 2/8
   717 | D:1      | Reached skill level 5 in Conjurations
   867 | D:1      | Learned a level 2 spell: Searing Ray
   964 | D:2      | Reached XP level 3. HP: 19/19 MP: 5/10
  1124 | D:2      | You fall into a shaft and drop 1 floor!
  1362 | D:2      | Found a radiant altar of Vehumet.
  1371 | D:2      | Became a worshipper of Vehumet
  1406 | D:2      | Reached XP level 4. HP: 24/24 MP: 4/11
  1463 | D:2      | Learned a level 4 spell: Fulminant Prism
  1743 | D:3      | Found a stormy altar of Qazlal.
  2630 | D:4      | Reached XP level 5. HP: 28/28 MP: 7/13
  2674 | D:4      | Learned a level 4 spell: Iskenderun's Mystic Blast
  2686 | D:4      | Noticed Natasha
  2688 | D:4      | Found a staircase to the Ecumenical Temple.
  2690 | D:4      | Killed Natasha
  2734 | D:4      | Noticed Edmund
  2762 | D:4      | Killed Edmund
  2763 | D:4      | Reached skill level 1 in Hexes
  2763 | D:4      | Reached skill level 1 in Translocations
  2763 | D:4      | Reached XP level 6. HP: 6/32 MP: 0/15
  2833 | D:4      | Noticed Natasha
  2835 | D:4      | HP: 1/32 [Natasha/magic dart (4)]
  2836 | D:4      | Killed Natasha
  3253 | D:4      | Found a burning altar of Makhleb.
  3265 | D:4      | Reached skill level 5 in Spellcasting
  3491 | D:4      | Reached * piety under Vehumet
  3491 | D:4      | Offered knowledge of Foxfire by Vehumet.
  3599 | D:4      | Noticed Natasha
  3601 | D:4      | Killed Natasha
  3620 | D:5      | Entered Level 5 of the Dungeon
  3937 | D:5      | Reached XP level 7. HP: 36/36 MP: 12/16
  4479 | D:5      | Reached skill level 5 in Dodging
  4543 | D:5      | Learned a level 1 spell: Foxfire
  4547 | D:5      | Found Ciderarenk's Antique Armour Boutique.
  4551 | D:5      | Bought a bloodstained robe for 136 gold pieces
  4561 | D:5      | Identified the +1 robe "Cud Hat" {rElec rF+ Str-3} (You
                  | bought it in a shop on level 5 of the Dungeon)
  4725 | D:5      | Reached ** piety under Vehumet
  4768 | D:5      | Offered knowledge of Shock by Vehumet.
  5367 | D:6      | Noticed Prince Ribbit
  5378 | D:6      | Killed Prince Ribbit
  5379 | D:6      | Reached skill level 1 in Fire Magic
  5379 | D:6      | Reached XP level 8. HP: 20/41 MP: 4/19
  5601 | D:6      | Found an iron altar of Okawaru.
  5708 | D:6      | Found Nukhudiva's Antique Armour Shoppe.
  6058 | D:6      | Found a white marble altar of Elyvilon.
  6058 | D:6      | Found a shimmering altar of Xom.
  6059 | D:6      | Found a basalt altar of Yredelemnul.
  6081 | D:6      | Found a hide-covered altar of Uskayaw.
  6389 | Temple   | Entered the Ecumenical Temple
  6556 | D:7      | Offered knowledge of Inner Flame by Vehumet.
  6597 | D:7      | Reached skill level 5 in Hexes
  6597 | D:7      | Reached XP level 9. HP: 17/45 MP: 14/23
  7029 | D:7      | Noticed a troll
  7035 | D:7      | Killed a troll
  7357 | D:6      | Bought a pair of embroidered gloves for 240 gold pieces
  7435 | D:7      | Reached skill level 1 in Fighting
  7871 | D:8      | Found a broken altar of Ashenzari.
  7885 | D:8      | Noticed Maurice
  7891 | D:8      | Killed Maurice
  7948 | D:8      | Reached *** piety under Vehumet
  8119 | D:8      | Shot with an arrow by a centaur

Illustrated notes

Levels and vault maps discovered:
D:1:      minmay_arrival_cross, layout_loops_ring, st_stairs_9
D:2:      layout_loops_cross, lemuel_round_altar
D:3:      layout_rooms, grunt_qazlal_clouds
D:4:      layout_loops_cross, kennysheep_mini, minmay_temple_entry_arrows,
          uniq_edmund, uniq_natasha
D:5:      cheibrodos_helix_gallery, layout_basic, serial_shops,
          nicolae_shop_stone, lightli_corner_chamber
D:6:      layout_loops_ring, okawaru_gym_becter,
          nicolae_overflow_quartered_altars, serial_shops, nicolae_shop_trees,
          uniq_prince_ribbit1
D:7:      layout_basic, hangedman_decor_riveting
D:8:      layout_gridville, evilmike_ruin_ashenzari,
          nicolae_ossuary_entry_catacombs, uniq_maurice
Temple:   nicolae_temple_hex_pool

Skill      XL: |  1  2  3  4  5  6  7  8  9 |
---------------+----------------------------+-----
Conjurations   | 5 6 8 9 |  9.7
Dodging        | 3 4 5 6 7 |  7.0
Spellcasting   | 4 5 6 8 9 |  9.2
Hexes          | 1 2 3 5 |  5.0
Translocations | 1 2 3 |  3.0
Fire Magic     | 1 2 3 |  3.0
Fighting       | 1 |  1.6
Stealth        | |  2.4

Action                   |  1- 3 |  4- 6 |  7- 9 || total
-------------------------+-------+-------+-------++-------
Melee: Dagger            |     2 |       |     3 ||     5
 Cast: Magic Dart        |    63 |    23 |    27 ||   113
       Searing Ray       |     3 |    28 |    56 ||    87
       Fulminant Prism   |       |     2 |     9 ||    11
       Iskenderun's Myst |       |       |     7 ||     7
Evoke: Wand              |       |       |     2 ||     2
  Use: Scroll            |       |    15 |     1 ||    16
Armor: Robe              |       |     2 |     3 ||     5
Dodge: Dodged            |     5 |     8 |    14 ||    27

Table legend: (Time is in decaauts)
 A = Elapsed time spent in this place.
 B = Non-inter-level travel time spent in this place.
 C = Inter-level travel time spent in this place.
 D = Time resting spent in this place.
 E = Time spent auto-exploring this place.
 F = Levels seen in this place.
 G = Mean time per level.
                   A        B        C        D        E       F      G
               +--------+--------+--------+--------+--------+-----+--------+
         Total |   8124 |   7548 |    576 |   2404 |   4012 |   9 |  902.7 |
       Dungeon |   8006 |   7460 |    546 |   2404 |   3925 |   8 | 1000.8 |
        Temple |    117 |     88 |     29 |      0 |     87 |   1 |  117.0 |
               +--------+--------+--------+--------+--------+-----+--------+

Top non-repeatable levels by time:
     D:5: 1623 daAuts
     D:4: 1408 daAuts
     D:6: 1393 daAuts
     D:7: 1059 daAuts
     D:1: 901 daAuts
     D:2: 705 daAuts
     D:3: 641 daAuts
     D:8: 273 daAuts
  Temple: 117 daAuts
